 Dungeon Crawl Stone Soup version 0.27-a0-1147-gb3d8e82157 (webtiles) character file.

Game seed: 6447874157073235017

526 st0uf the Shield-Bearer (level 7, 0/44 HPs)
             Began as a Gargoyle Fighter on May 11, 2021.
             Slain by an ogre
             ... wielding a +0 giant club
              (24 damage)
             ... on level 4 of the Dungeon.
             The game lasted 00:10:46 (3388 turns).

st0uf the Shield-Bearer (Gargoyle Fighter)          Turns: 3388, Time: 00:10:50

Health: 0/44       AC: 13    Str: 20    XL:     7   Next: 23%
Magic:  7/7        EV:  7    Int:  8    God:
Gold:   62         SH: 10    Dex: 11    Spells: 6/6 levels left

rFire    . . .     SeeInvis .   g - +2 whip (freeze)
rCold    . . .     Faith    .   c - +0 kite shield
rNeg     + . .     Spirit   .   b - +0 scale mail
rPois    ∞         Reflect  .   l - +0 helmet
rElec    +         Harm     .   (no cloak)
rCorr    .         Rampage  .   (no gloves)
Will     .....                  (no boots)
Stlth    ..........             (no amulet)
HPRegen  0.14/turn              (no ring)
MPRegen  0.10/turn              (no ring)

@: no status effects
A: sickness immunity, AC +4, negative energy resistance 1, electricity
resistance, torment resistance 1, petrification resistance
a: no special abilities


You were on level 4 of the Dungeon.
You visited 1 branch of the dungeon, and saw 4 of its levels.

You collected 62 gold pieces.

Inventory:

Hand Weapons
 g - a +2 whip of freezing (weapon)
Missiles
 s - 5 atropa-tipped darts (quivered)
Armour
 b - a +0 scale mail (worn)
 c - a +0 kite shield (worn)
 l - a +0 helmet (worn)
Wands
 m - a wand of flame (18)
 r - a wand of polymorph (10)
Scrolls
 a - a scroll of amnesia {unknown}
 f - 2 scrolls of torment {unknown}
 h - a scroll of brand weapon {unknown}
 i - 3 scrolls of teleportation {unknown}
 n - 2 scrolls of identify {unknown}
 o - a scroll of silence {unknown}
 t - a scroll of immolation {unknown}
Potions
 d - a potion of might
 e - a potion of attraction {unknown}
 j - a potion of flight {unknown}
 k - a potion of haste {unknown}
 p - 2 potions of curing {unknown}
 q - a potion of degeneration {unknown}


   Skills:
 + Level 5.2 Fighting
 + Level 4.1 Maces & Flails
 + Level 5.1 Armour
 + Level 5.2 Shields


You had 6 spell levels left.
You didn't know any spells.
Your spell library contained the following spells:

 Spells                   Type           Power      Damage    Failure   Level
 Animate Skeleton         Necr           0%         N/A       99%         1
 Apportation              Tloc           0%         N/A       99%         1
 Corona                   Hex            0%         N/A       99%         1
 Summon Small Mammal      Summ           0%         N/A       99%         1
 Ensorcelled Hibernation  Hex/Ice        0%         N/A       99%         2
 Confusing Touch          Hex            0%         N/A       100%        3
 Dazzling Flash           Conj/Hex       0%         N/A       100%        3
 Tukima's Dance           Hex            0%         N/A       100%        3


Dungeon Overview and Level Annotations

Branches:
Dungeon (4/15)
 Temple: D:4-7

Altars:
Elyvilon
Kikubaaqudgha


Innate Abilities, Weirdness & Mutations

You are immune to sickness and miasma.
Your stone body is resilient. (AC +4)
You are immune to poison.
You resist negative energy. (rN+)
You are resistant to electric shocks. (rElec)
You are resistant to unholy torment.
You are immune to petrification.


Message History

You destroy the water moccasin skeleton!
An ogre comes into view. It is wielding a +0 giant club.
Throw: 7 darts (atropa)
Press: ? - help, Q - select action, (/) - cycle Shift-Dir - straight line, f - ogre
Aim: an ogre, wielding a +0 giant club (73% to hit, chance to blind on hit: 27%)
You throw an atropa-tipped dart.
The atropa-tipped dart closely misses the ogre.
Throw: 6 darts (atropa)
Press: ? - help, Q - select action, (/) - cycle Shift-Dir - straight line, f/p - ogre
Aim: an ogre, wielding a +0 giant club (73% to hit, chance to blind on hit: 27%)
You throw an atropa-tipped dart. The atropa-tipped dart hits the ogre.
The ogre resists.
You hit the ogre. You freeze the ogre.
The ogre is lightly wounded.
You block the ogre's attack.
You hit the ogre. You freeze the ogre.
The ogre is moderately wounded.
The ogre hits you with a +0 giant club!!
You hit the ogre. You freeze the ogre.
The ogre is moderately wounded.
You hit the ogre. You freeze the ogre.
The ogre is heavily wounded.
You block the ogre's attack.
You hit the ogre. You freeze the ogre.
The ogre is almost dead.
The ogre hits you but does no damage.
Your shield and scale mail prevent you from hitting the ogre.
The ogre is almost dead.
You block the ogre's attack.
A dart slug comes into view.
You barely miss the ogre.
The ogre is almost dead.
The ogre barely misses you.
You barely miss the ogre.
The ogre is almost dead.
The dart slug launches a dart at you.
The slug dart hits you but does no damage.
The ogre hits you with a +0 giant club!!
Ouch! That really hurt!
You die...

......(...#..†.. .
#........#.....
..####.......#..... #
....#.......#..... ..
#...............
#w.########.......#.....
#....................#
#...####..#########..
#O@..##.## ###
####.....# # ###...# #
#...# # #...# #...#
#####


You could see an ogre and a dart slug.

Vanquished Creatures
  A sky beast (D:4)
  A black bear (D:2)
  A water moccasin skeleton (D:4)
  Natasha (thrice) (D:3)
  Robin (D:2)
  4 gnolls
  6 adders
  A worm (D:2)
  7 orcs
  7 bats
  3 endoplasms
  2 giant cockroaches
  6 goblins
  14 hobgoblins
  6 jackals
  16 kobolds
  4 quokkas
  9 ball pythons
  3 frilled lizards
  9 rats
104 creatures vanquished.

Vanquished Creatures (others)
  6 plants
6 creatures vanquished.

Grand Total: 110 creatures vanquished

Notes
Turn   | Place    | Note
-------+----------+-------------------------------------------
     0 | D:1      | st0uf the Gargoyle Fighter began the quest for the Orb.
     0 | D:1      | Reached XP level 1. HP: 14/14 MP: 1/1
    57 | D:1      | Reached XP level 2. HP: 8/19 MP: 2/2
   535 | D:1      | Reached XP level 3. HP: 18/24 MP: 3/3
   980 | D:2      | Found a white marble altar of Elyvilon.
  1001 | D:2      | Noticed Robin
  1134 | D:1      | Reached XP level 4. HP: 27/29 MP: 4/4
  1153 | D:2      | Killed Robin
  1274 | D:2      | Noticed a black bear
  1295 | D:2      | Killed a black bear
  1296 | D:2      | Reached XP level 5. HP: 8/34 MP: 5/5
  1565 | D:2      | Found a faded altar of an unknown god.
  2137 | D:2      | Reached XP level 6. HP: 34/39 MP: 6/6
  2562 | D:3      | Noticed Natasha
  2572 | D:3      | Killed Natasha
  2662 | D:3      | Found an ancient bone altar of Kikubaaqudgha.
  2753 | D:3      | Noticed Natasha
  2765 | D:3      | Killed Natasha
  3017 | D:3      | Noticed Natasha
  3065 | D:3      | Killed Natasha
  3148 | D:4      | Noticed a sky beast
  3163 | D:4      | Killed a sky beast
  3164 | D:4      | Reached skill level 5 in Fighting
  3164 | D:4      | Reached skill level 5 in Armour
  3164 | D:4      | Reached skill level 5 in Shields
  3164 | D:4      | Reached XP level 7. HP: 42/44 MP: 7/7
  3388 | D:4      | Slain by an ogre

Illustrated notes

Levels and vault maps discovered:
D:1:      doesnt_arrival_eight_statues, layout_loops_ring
D:2:      layout_rooms, basic_altar, basic_ecumenical_altar,
          lexackson_kobold_supper, uniq_robin
D:3:      layout_basic, lemuel_tele_altar, serial_bayou_lake_a, uniq_natasha
D:4:      layout_rooms

Skill      XL: |  1  2  3  4  5  6  7 |
---------------+----------------------+-----
Fighting       | 4 5 |  5.2
Armour         | 4 5 |  5.1
Shields        | 4 5 |  5.2
Maces & Flails | 3 4 |  4.1

Action                   |  1- 3 |  4- 6 |  7- 9 || total
-------------------------+-------+-------+-------++-------
Melee: Flail             |    63 |       |       ||    63
       Whip              |    92 |   225 |    44 ||   361
Throw: Dart              |       |       |     2 ||     2
Armor: Scale mail        |   108 |   103 |    14 ||   225
Dodge: Dodged            |    56 |    63 |    11 ||   130
Block: Kite shield       |    93 |   110 |    17 ||   220

Table legend: (Time is in decaauts)
 A = Elapsed time spent in this place.
 B = Non-inter-level travel time spent in this place.
 C = Inter-level travel time spent in this place.
 D = Time resting spent in this place.
 E = Time spent auto-exploring this place.
 F = Levels seen in this place.
 G = Mean time per level.
                   A        B        C        D        E       F      G
               +--------+--------+--------+--------+--------+-----+--------+
         Total |   3552 |   3492 |     60 |    503 |   2043 |   4 |  888.0 |
       Dungeon |   3552 |   3492 |     60 |    503 |   2043 |   4 |  888.0 |
               +--------+--------+--------+--------+--------+-----+--------+

Top non-repeatable levels by time:
     D:1: 1315 daAuts
     D:3: 1105 daAuts
     D:2: 798 daAuts
     D:4: 332 daAuts
